 Dungeon Crawl Stone Soup version 0.21-a0-513-gdcb3f5e (webtiles) character file.

152279 kibaces the Severer (level 16, -3/150 HPs)
             Began as a Red Draconian Berserker on Dec 2, 2017.
             Was the Champion of Trog.
             Slain by a faun
             ... wielding a +0 spear
              (12 damage)
             ... on level 1 of the Shoals.
             The game lasted 02:19:18 (37382 turns).

kibaces the Severer (Red Draconian Berserker)      Turns: 37382, Time: 02:19:19

Health: -3/150     AC: 13    Str: 25    XL:     16   Next: 73%
Magic:  0/16       EV: 20    Int:  7    God:    Trog [******]
Gold:   1747       SH: 15    Dex: 13    Spells: 15/15 levels left

rFire    + . .     SeeInvis +   H - +6 hand axe (elec)
rCold    . . .     Gourm    .   T - +1 shield
rNeg     . . .     Faith    .   (armour unavailable)
rPois    .         Spirit   +   (helmet restricted)
rElec    .         Reflect  .   (no cloak)
rCorr    .         Harm     .   t - +0 pair of gloves
MR       +....                  Q - +2 pair of boots {run}
Stlth    +.........             w - amulet of guardian spirit
HPRegen  0.35/turn              G - ring of see invisible
MPRegen  0.15/turn              (no ring)

@: about to teleport, berserk cooldown, mesmerised, slowed, glowing, very slow
A: breathe fire, unfitting armour, fire resistance 1, cold-blooded, AC +9
}: 1/15 runes: gossamer
a: Breathe Fire, Berserk, Trog's Hand, Brothers in Arms, Burn Spellbooks,
Renounce Religion


You were on level 1 of the Shoals.
You worshipped Trog.
Trog was exalted by your worship.
You were full.

You visited 5 branches of the dungeon, and saw 26 of its levels.

You collected 2047 gold pieces.
You spent 300 gold pieces at shops.

Inventory:

Hand Weapons
 a - a +5 antimagic broad axe
 h - a +4 demon trident of flaming
 H - a +6 hand axe of electrocution (weapon)
Armour
 t - a +0 pair of gloves (worn)
 F - a scarf of spirit shield
 O - a +1 cloak
 Q - a +2 pair of boots of running (worn)
 T - a +1 shield (worn)
Jewellery
 m - an uncursed ring of poison resistance
 w - an amulet of guardian spirit (around neck)
 y - the ring "Kenatz" {Fire -Tele Dex+6}
   (You found it on level 6 of the Lair of Beasts)

   [ring of fire]

   It enhances your fire magic.
   It affects your dexterity (+6).
   It protects you from fire.
   It makes you vulnerable to cold.
   It prevents most forms of teleportation.
 A - an uncursed ring of stealth
 B - a +3 ring of dexterity
 D - an uncursed ring of protection from cold
 E - a +2 ring of strength {unknown}
 G - a ring of see invisible (left hand)
 R - an uncursed ring of protection from magic
 X - a +2 ring of evasion
Wands
 v - a wand of flame (192)
 z - a wand of iceblast (39)
 I - a wand of polymorph (19)
 L - a wand of digging (32)
Scrolls
 c - 7 scrolls of teleportation
 i - 7 scrolls of blinking
 j - 2 scrolls of fear
 l - a scroll of summoning
 q - 7 scrolls of magic mapping
 r - a scroll of silence
 s - 3 scrolls of identify
 u - 3 scrolls of fog
 J - 2 scrolls of enchant armour
 Y - 4 scrolls of remove curse
Potions
 d - 2 potions of invisibility {unknown}
 e - 6 potions of haste
 f - a potion of lignification {unknown}
 g - 8 potions of curing
 k - 6 potions of heal wounds
 n - 2 potions of brilliance
 o - 2 potions of cancellation
 x - 7 potions of flight
 C - 2 potions of might {unknown}
 K - 4 potions of degeneration {unknown}
 N - 2 potions of resistance
 S - 3 potions of ambrosia
 Z - 2 potions of magic {unknown}
Comestibles
 b - 8 bread rations
 p - 25 royal jellies
 M - 3 meat rations
 P - 29 fruits
 U - 7 chunks of flesh


   Skills:
 + Level 15.6 Fighting
 + Level 17.0 Axes
 + Level 0.5(11.4) Polearms
 + Level 14.1 Dodging
 + Level 13.7 Shields


You had 15 spell levels left.
You didn't know any spells.

Dungeon Overview and Level Annotations

Branches:
Dungeon (13/15)            Temple (0/1) D:5            Lair (6/6) D:9
 Shoals (1/4) Lair:2       Spider (4/4) Lair:2        Slime (0/5) Lair:5
    Orc (2/2) D:9             Elf (0/3) Orc:2
 Vaults: D:13-14

Altars:
Ashenzari
Cheibriados
Elyvilon
Fedhas
Hepliaklqana
Makhleb
Nemelex Xobeh
Qazlal
Ru
Trog
Uskayaw
Vehumet
Xom
Zin
The Shining One
Jiyva

Shops:
D:9 *   Orc:2 [:**(

Portals:
Trove: D:12 (give +6 demon blade)

Annotations:
Lair:2 2 transporters


Innate Abilities, Weirdness & Mutations

You can breathe blasts of fire.
Your fiery red scales are hard. (AC +9)
You cannot fit into any form of body armour.
Your flesh is heat resistant. (rF+)
You are cold-blooded and may be slowed by cold attacks.


Message History

The faun casts a spell at you. You resist with some effort.
The faun hits you from afar with a spear!
* * * LOW HITPOINT WARNING * * *
You block the faun's attack. x3
You feel better.
The merfolk siren hits you from afar with a trident!
* * * LOW HITPOINT WARNING * * *
The faun barely misses you.
The faun hits you from afar with a spear!
* * * LOW HITPOINT WARNING * * *
The faun hits you but does no damage. The faun casts a spell at you.
You feel as though you will be slow longer.
You block the faun's attack.
The merfolk siren chants its luring song.
The faun hits you with an uncursed club!
* * * LOW HITPOINT WARNING * * *
The faun hits you from afar with a spear!
You die...

#....$..#
#........≈≈..# #......#
#...###.≈≈≈..#
#......###...##..≈.....
#...........##...P≈...
#.((....(≈≈.....≈PP.PP
#(..............≈.PPP≈
#≈..(≈.....≈...≈≈≈≈PPP
#...(.c........≈≈≈≈P≈≈
#...(@c≈...P≈≈≈≈≈≈≈≈≈≈
#####cc.....≈P≈≈≈≈≈≈≈≈
#mc≈...≈≈≈≈≈≈≈≈≈≈≈
cc≈P.P..P≈≈ .≈≈.....#P
.≈≈≈≈...## ≈≈≈≈≈≈.....
.≈≈.....#....
...).....#.PP.


You could see 7 fauns and a merfolk siren.

Vanquished Creatures
  Kirke (Lair:5)
  3 ghost moths
  6 emperor scorpions
  2 entropy weavers
  Snorg (D:13)
  2 merfolk impalers (Shoals:1)
  Fannar (D:10)
  An ogre mage (D:12)
  The ghost of Thaneod the Cleaver, a journeyman MiHu of Trog (D:10)
  The ghost of mortelune the Reanimator, a journeyman DDNe of Makhleb (D:11)
  3 hydras
  Harold (D:11)
  A centaur warrior (D:13)
  9 two-headed ogres
  The ghost of KristoblXynda the Cleaver, a novice DrFi of Yredelemnul (D:8)
  Nergalle (Lair:4)
  An unseen horror (D:12)
  2 sea snakes (Shoals:1)
  5 harpies (Shoals:1)
  3 orc knights (Orc:2)
  19 wolf spiders
  3 ugly things
  14 orb spiders
  A cyclops (Orc:2)
  A manticore (Shoals:1)
  A water nymph (Shoals:1)
  2 moths of wrath
  4 black mambas
  3 merfolk sirens
  Psyche (D:11)
  A gargoyle (D:12)
  4 torpor snails
  29 spiny frogs
  A centaur skeleton (D:10)
  2 rime drakes
  11 demonic crawlers
  7 komodo dragons
  The ghost of kibaces the Magician, a novice OpFE (D:5)
  4 polar bears
  5 tyrant leeches (Lair:6)
  37 jumping spiders
  3 meliai
  5 merfolk
  A queen bee (Spider:2)
  2 tengu conjurers (D:13)
  3 hornets
  6 dream sheep (Lair:6)
  26 blink frogs
  A snapping turtle (Shoals:1)
  5 hippogriffs
  4 slime creatures (D:12)
  2 wyverns
  109 redbacks
  2 water elementals (Shoals:1)
  5 hogs (Lair:5)
  64 yaks
  2 vampires
  21 tarantellas
  2 basilisks
  2 hungry ghosts
  A warg (Orc:2)
  6 vampire mosquitoes
  Edmund (D:5)
  An acid dragon (D:13)
  15 water moccasins
  6 porcupines
  2 hell hounds (D:9)
  30 orc warriors
  Duvessa (D:5)
  3 sky beasts
  2 phantoms
  A black bear (D:9)
  8 ice beasts
  2 necrophages
  10 wolves (Lair:1)
  12 ogres
  12 crocodiles
  8 centaurs
  3 big kobolds
  The ghost of Nuz the Grave Robber, an amateur DENe (D:3)
  26 bullfrogs
  A gnoll sergeant (D:9)
  Dowan (D:5)
  2 scorpions
  3 wyvern skeletons
  33 killer bees
  4 electric eels
  9 howler monkeys
  8 crimson imps
  3 bullfrog zombies
  2 bullfrog skeletons
  17 orc wizards
  A centaur zombie (D:9)
  8 orc priests
  11 hounds
  2 iguanas
  2 jellies
  Terence (D:2)
  11 worker ants
  2 killer bee zombies
  A bullfrog simulacrum (D:8)
  A hound zombie (D:7)
  12 adders
  7 gnolls
  4 shadow imps
  A white imp (D:8)
  3 ufetubi (D:8)
  An adder skeleton (D:6)
  7 worms
  2 dart slugs
  4 leopard geckos
  59 orcs
  3 giant cockroaches
  10 goblins
  8 hobgoblins
  10 jackals
  4 quokkas
  A ball python (D:3)
  2 bats
  4 frilled lizards
  10 kobolds
  A leopard gecko skeleton (D:4)
  A quokka skeleton (D:9)
  11 rats
  5 fungi
  7 plants
913 creatures vanquished.

Vanquished Creatures (collateral kills)
  Louise (Spider:1)
  An orc knight (Orc:2)
  2 orc sorcerers (Orc:2)
  2 orc warriors (Orc:2)
  An ogre (Orc:2)
  A centaur (Orc:2)
  5 orcs (Orc:2)
13 creatures vanquished.

Vanquished Creatures (others)
  A killer bee (Spider:2)
  3 fungi (Lair:6)
  31 plants
35 creatures vanquished.

Grand Total: 961 creatures vanquished

Notes
Turn   | Place    | Note
-------+----------+-------------------------------------------
     0 | D:1      | kibaces the Draconian Berserker began the quest for the Orb.
     0 | D:1      | Reached XP level 1. HP: 19/19 MP: 1/1
   232 | D:1      | Reached XP level 2. HP: 23/26 MP: 2/2
   701 | D:2      | Reached XP level 3. HP: 29/33 MP: 3/3
   866 | D:2      | Noticed Terence
   872 | D:2      | Killed Terence
   872 | D:2      | Reached ** piety under Trog
   872 | D:2      | Reached skill level 4 in Axes
   872 | D:2      | Reached XP level 4. HP: 40/40 MP: 4/4
  1997 | D:3      | Noticed a water elemental
  2009 | D:3      | Found a stormy altar of Qazlal.
  2010 | D:3      | Noticed a fire elemental
  2010 | D:3      | Noticed an earth elemental
  2010 | D:3      | Noticed an air elemental
  2021 | D:3      | Found a hazy altar of Hepliaklqana.
  2144 | D:3      | Reached XP level 5. HP: 30/46 MP: 5/5
  2301 | D:3      | Noticed Nuz's ghost (amateur DENe)
  2315 | D:3      | Killed Nuz's ghost
  2315 | D:3      | Reached skill level 5 in Axes
  2428 | D:3      | Found a burning altar of Makhleb.
  2745 | D:4      | Found a shattered altar of Ashenzari.
  2759 | D:4      | Reached XP level 6. HP: 53/53 MP: 6/6
  2797 | D:4      | Found a glowing silver altar of Zin.
  2862 | D:4      | Noticed a moth of wrath
  2865 | D:4      | Found a bloodstained altar of Trog.
  3626 | D:4      | Reached *** piety under Trog
  3802 | D:4      | Found a shimmering altar of Xom.
  3961 | D:4      | Reached skill level 6 in Axes
  4220 | D:5      | Entered Level 5 of the Dungeon
  4268 | D:5      | Reached skill level 5 in Fighting
  4269 | D:5      | Your scales start taking on a fiery red colour.
  4269 | D:5      | Reached XP level 7. HP: 61/61 MP: 7/7
  4269 | D:5      | Gained mutation: Your flesh is heat resistant. (rF+) [Red Draconian growth]
  4366 | D:5      | Reached skill level 7 in Axes
  4653 | D:5      | Reached XP level 8. HP: 50/70 MP: 8/8
  4806 | D:5      | Noticed Duvessa
  4809 | D:5      | Noticed Dowan
  4828 | D:5      | Killed Duvessa
  4828 | D:5      | Reached skill level 5 in Dodging
  4843 | D:5      | Killed Dowan
  5271 | D:5      | Noticed kibaces's ghost (novice OpFE)
  5294 | D:5      | Killed kibaces's ghost
  5294 | D:5      | Reached skill level 8 in Axes
  5563 | D:5      | Noticed Edmund
  5576 | D:5      | Killed Edmund
  5617 | D:5      | Found a staircase to the Ecumenical Temple.
  5968 | D:6      | Noticed a green ugly thing
  5984 | D:6      | Killed a green ugly thing
  5984 | D:6      | Reached skill level 9 in Axes
  5984 | D:6      | Reached XP level 9. HP: 78/78 MP: 9/9
  6201 | D:6      | Found a blossoming altar of Fedhas.
  6822 | D:7      | Found a glowing golden altar of the Shining One.
  6905 | D:7      | Reached **** piety under Trog
  7361 | D:8      | Noticed a polar bear
  7390 | D:8      | Killed a polar bear
  7390 | D:8      | Reached skill level 10 in Axes
  7489 | D:8      | Noticed KristoblXynda's ghost (novice DrFi)
  8118 | D:8      | Killed KristoblXynda's ghost
  8118 | D:8      | Reached skill level 11 in Axes
  8251 | D:8      | Reached XP level 10. HP: 66/88 MP: 10/10
  8460 | D:8      | Noticed a two-headed ogre
  8958 | D:9      | Received a gift from Trog
  9179 | D:9      | Found a staircase to the Lair.
  9590 | D:8      | Found a white marble altar of Elyvilon.
  9612 | D:8      | Paralysed by a hornet for 2 turns
  9960 | D:8      | Killed a two-headed ogre
  9960 | D:8      | Reached skill level 12 in Axes
 11019 | D:9      | Found a staircase to the Orcish Mines.
 11393 | D:9      | Reached XP level 11. HP: 95/97 MP: 11/11
 11641 | D:9      | Found Wueseki's Assorted Antiques.
 11649 | D:9      | Bought a scroll of teleportation for 72 gold pieces
 11649 | D:9      | Bought a pair of runed boots for 180 gold pieces
 11659 | D:9      | Identified a +1 pair of boots of running (You bought it in a shop on level 9 of the Dungeon)
 11810 | D:9      | Got a fine cloak
 11811 | D:9      | Identified the +0 cloak of the Shore {*Corrode Int+2 Dex+3 Stlth+} (You found it on level 9 of the Dungeon)
 11839 | D:9      | Found a radiant altar of Vehumet.
 12029 | D:9      | Reached ***** piety under Trog
 12119 | D:9      | Found a faded altar of an unknown god.
 12119 | D:9      | Found a snail-covered altar of Cheibriados.
 12125 | D:9      | Found a sacrificial altar of Ru.
 12127 | D:9      | Found a sparkling altar of Nemelex Xobeh.
 12129 | D:9      | Found a hide-covered altar of Uskayaw.
 12325 | D:9      | You fall through a shaft for 3 floors!
 12337 | D:12     | Noticed a two-headed ogre
 12338 | D:12     | Noticed a two-headed ogre
 12353 | D:12     | Killed a two-headed ogre
 12353 | D:12     | Reached skill level 13 in Axes
 12409 | D:11     | Noticed Harold
 12409 | D:11     | Noticed a two-headed ogre
 12409 | D:11     | Noticed mortelune's ghost (journeyman DDNe)
 12421 | D:12     | Killed a two-headed ogre
 13247 | D:12     | Noticed an unseen horror
 13256 | D:12     | Killed an unseen horror
 13256 | D:12     | Reached skill level 10 in Fighting
 13798 | D:12     | Found a portal to a secret trove of treasure.
 13904 | D:11     | Noticed a two-headed ogre
 13920 | D:11     | Killed a two-headed ogre
 13923 | D:11     | Reached skill level 14 in Axes
 14165 | D:10     | Entered Level 10 of the Dungeon
 14184 | D:10     | Noticed Thaneod's ghost (journeyman MiHu)
 14201 | D:10     | Killed Thaneod's ghost
 14400 | D:10     | Reached XP level 12. HP: 108/108 MP: 12/12
 14416 | D:10     | Noticed Fannar
 14434 | D:10     | Killed Fannar
 14515 | D:10     | Noticed a two-headed ogre
 14524 | D:10     | Killed a two-headed ogre
 15635 | D:9      | Bought a scroll of identify for 48 gold pieces
 15838 | Lair:1   | Entered Level 1 of the Lair of Beasts
 16091 | Lair:1   | Received a gift from Trog
 16151 | Lair:1   | Reached skill level 1 in Shields
 16199 | Lair:1   | Found a labyrinth entrance.
 16294 | Lair:1   | Reached skill level 10 in Dodging
 17005 | Lair:2   | Found a transporter.
 17254 | Lair:2   | Found a transporter.
 17337 | Lair:2   | Found a hole to the Spider Nest.
 17624 | Lair:2   | Found a staircase to the Shoals.
 18250 | D:11     | Killed mortelune's ghost
 18250 | D:11     | Reached skill level 15 in Axes
 18295 | D:11     | Noticed a five-headed hydra
 18320 | D:11     | Killed a ten-headed hydra
 18349 | D:11     | Noticed Psyche
 18361 | D:11     | Killed Psyche
 18449 | D:11     | Killed Harold
 18757 | D:11     | Received a gift from Trog
 19031 | D:11     | Reached XP level 13. HP: 105/117 MP: 13/13
 19930 | D:13     | Noticed Snorg
 19948 | D:13     | Killed Snorg
 19948 | D:13     | Reached skill level 5 in Shields
 21593 | Lair:4   | Noticed Nergalle
 21612 | Lair:4   | Killed Nergalle
 22085 | Lair:4   | Received a gift from Trog
 23345 | Lair:5   | Noticed Kirke
 23454 | Lair:5   | Killed Kirke
 23454 | Lair:5   | Reached XP level 14. HP: 127/127 MP: 14/14
 23836 | Lair:5   | Found a staircase to the Slime Pits.
 23839 | Lair:5   | Found a viscous altar of Jiyva.
 24532 | Lair:6   | Entered Level 6 of the Lair of Beasts
 24614 | Lair:6   | Reached ****** piety under Trog
 24658 | Lair:6   | Received a gift from Trog
 25625 | Lair:6   | Reached skill level 10 in Shields
 26100 | Lair:6   | Reached skill level 16 in Axes
 26332 | Lair:6   | Got a bound lead ring
 26343 | Lair:6   | Identified the ring "Kenatz" {Fire -Tele Dex+6} (You found it on level 6 of the Lair of Beasts)
 26743 | Lair:6   | Found a snail-covered altar of Cheibriados.
 27087 | Orc:1    | Entered Level 1 of the Orcish Mines
 27189 | Orc:2    | Entered Level 2 of the Orcish Mines
 27309 | Orc:2    | Found a staircase to the Elven Halls.
 27354 | Orc:2    | Paralysed by an orc sorcerer for 5 turns
 27407 | Orc:2    | Received a gift from Trog
 27645 | Orc:2    | Found Eloleniu's General Store.
 27645 | Orc:2    | Found Doezairr's Assorted Antiques.
 27647 | Orc:2    | Found Nebant's Book Boutique.
 27649 | Orc:2    | Found Ivaonugo's Antique Weapon Emporium.
 27953 | Orc:2    | Found Etrezuwn's Armour Shop.
 28068 | Orc:2    | Reached XP level 15. HP: 133/138 MP: 15/15
 28461 | Spider:1 | Entered Level 1 of the Spider Nest
 29317 | Spider:1 | Received a gift from Trog
 30323 | Spider:1 | Noticed Louise
 30335 | Spider:1 | Killed Louise
 30637 | Spider:2 | Received a gift from Trog
 33224 | Spider:3 | Received a gift from Trog
 33225 | Spider:3 | Reached skill level 15 in Fighting
 33308 | Spider:3 | Noticed a ghost moth
 33314 | Spider:3 | Killed a ghost moth
 33648 | Spider:3 | Reached XP level 16. HP: 148/149 MP: 16/16
 34133 | Spider:4 | Entered Level 4 of the Spider Nest
 34527 | Spider:4 | Received a gift from Trog
 36426 | Spider:4 | Got a gossamer rune of Zot
 36628 | Shoals:1 | Entered Level 1 of the Shoals
 37074 | Shoals:1 | Reached skill level 17 in Axes
 37382 | Shoals:1 | Slain by a faun

Vault maps used:
D:1:      minmay_arrival_semitransparent
D:2:      columned_hall_lemuel, uniq_terence
D:3:      overflow_temple_1_default, lemuel_round_altar,
          nicolae_qazlal_style_of_elements
D:4:      wad_lake_hut, led_xom_imps, overflow_temple_1_default,
          lemuel_crystal_altar, tgw_trog
D:5:      minmay_temple_entry_nine_rooms, first_bread, minmay_stone_trees_small,
          uniq_edmund, uniq_duvessa
D:6:      kennysheep_mini_moat
D:7:      tso_oasis_becter
D:8:      old_standard_altar, serial_ice, serial_ice_d, serial_ice_k,
          serial_ice_o, serial_ice_e, serial_ice_n
D:9:      vehumet_crystals, chequers_temple_overflow_minitemple,
          minmay_lair_entry_lava, orc_0_dummy, serial_shops, nicolae_shop_trees
D:10:     grunt_ministairs_3, uniq_fannar
D:11:     enter_bailey_3, blue_anna_alchemist, uniq_harold, uniq_psyche
D:12:     enter_trove_1, serial_column_ruins, column_ruins_hut,
          column_ruins_circle_medium, column_ruins_grid_2,
          column_ruins_columns_corner, column_ruins_grid_1,
          column_ruins_open_tiny, column_ruins_open_tiny
D:13:     david_vaults_5, basic_altar, minmay_more_statues, uniq_snorg
Lair:1:   beast_lair_carwin_large_2, lab_entry_generic, lemuel_fruit_tree
Lair:2:   gammafunk_cloud_chamber, elwin_shoals_entry_stream,
          spider_nest_entry_webs
Lair:4:   cheibrodos_lair_river_kwai, st_stairs_8, beast_lair_carwin_6,
          uniq_nergalle
Lair:5:   slime_altar_1, hibernation_bobbens, uniq_kirke
Lair:6:   minmay_lair_end_frog_pond, kennysheep_snail_temple
Shoals:1: st_sunken_temple
Spider:1: uniq_louise
Spider:2: special_room
Spider:3: special_room, nicolae_spider_cling_ruins
Spider:4: grunt_spider_rune_circles
Orc:1:    cheibrodos_orc_bank, serial_shops, shop
Orc:2:    st_orc_rangers, serial_shops, nicolae_shop_stone

Skill      XL: |  1  2  3  4  5  6  7  8  9 10 11 12 13 14 15 16 |
---------------+-------------------------------------------------+-----
Dodging        | 3 4 6 7 8 9 10 11 12 13 14 | 14.1
Fighting       | 4 5 6 7 9 10 11 12 14 15 | 15.6
Axes           | 4 5 6 7 9 11 12 14 15 16 17 | 17.0
Shields        | 3 8 10 12 13 | 13.7
Polearms       | |  0.5

Action                   |  1- 3 |  4- 6 |  7- 9 | 10-12 | 13-15 | 16-18 || total
-------------------------+-------+-------+-------+-------+-------+-------++-------
Melee: Hand axe          |    74 |   246 |   170 |   671 |  1465 |   474 ||  3100
       Tailslap          |    11 |    33 |    62 |   166 |   277 |   118 ||   667
       War axe           |       |       |   134 |   149 |       |       ||   283
       Battleaxe         |       |       |       |    47 |       |       ||    47
       Demon trident     |       |       |       |       |     7 |       ||     7
Throw: Javelin           |       |       |       |     1 |       |       ||     1
Invok: Berserk           |     1 |     2 |     6 |    20 |    18 |     6 ||    53
       Trog's Hand       |       |     1 |     1 |     5 |     4 |       ||    11
       Burn Spellbooks   |       |       |       |     3 |     2 |       ||     5
       Brothers in Arms  |       |       |       |       |     3 |       ||     3
 Abil: Breathe Fire      |       |       |     4 |     5 |     5 |     1 ||    15
  Use: Scroll            |       |     3 |     1 |    21 |     6 |     1 ||    32
       Potion            |       |       |       |     5 |       |     3 ||     8
 Stab: Sleeping          |     1 |     4 |     1 |     8 |     2 |       ||    16
       Distracted        |       |       |       |     1 |     1 |     1 ||     3
       Held in net/web   |       |       |       |       |     1 |       ||     1
  Eat: Chunk             |       |    13 |     8 |    32 |    29 |     1 ||    83
       Meat ration       |       |       |     3 |     3 |     2 |       ||     8
       Fruit             |       |       |       |     2 |    13 |       ||    15
       Bread ration      |       |       |       |     1 |     4 |     4 ||     9
Armor: Skin              |    15 |    59 |    81 |   107 |   226 |    84 ||   572
Dodge: Dodged            |    48 |   157 |   200 |   526 |   864 |   343 ||  2138
Block: Shield            |       |       |       |    46 |   879 |   340 ||  1265

Table legend:
 A = Spawn XP
 B = Non-spawn XP
 C = Spawn XP percentage of total XP
 D = Spawn monster count
 E = Non-spawn monster count
 F = Spawn count percentage of total count
 G = Total turns spent on level
                    A         B        C        D         E        F      G
               +---------+---------+-------+---------+---------+-------+---------
         Total |       0 |  198970 |   0.0 |       0 |     914 |   0.0 | 37382
               +---------+---------+-------+---------+---------+-------+---------
           D:1 |       0 |      21 |   0.0 |       0 |      14 |   0.0 |   686
           D:2 |       0 |     153 |   0.0 |       0 |      23 |   0.0 |  1176
           D:3 |       0 |     173 |   0.0 |       0 |      16 |   0.0 |   882
           D:4 |       0 |     297 |   0.0 |       0 |      24 |   0.0 |  1476
           D:5 |       0 |    1709 |   0.0 |       0 |      29 |   0.0 |  1594
           D:6 |       0 |     830 |   0.0 |       0 |       9 |   0.0 |   710
           D:7 |       0 |     362 |   0.0 |       0 |       9 |   0.0 |  1081
           D:8 |       0 |    3999 |   0.0 |       0 |      30 |   0.0 |  2914
           D:9 |       0 |    4399 |   0.0 |       0 |      51 |   0.0 |  1987
          D:10 |       0 |    5969 |   0.0 |       0 |      47 |   0.0 |  1682
          D:11 |       0 |    7856 |   0.0 |       0 |      35 |   0.0 |  1476
          D:12 |       0 |   11053 |   0.0 |       0 |      38 |   0.0 |  2120
          D:13 |       0 |    4637 |   0.0 |       0 |      21 |   0.0 |   733
        Lair:1 |       0 |    2320 |   0.0 |       0 |      17 |   0.0 |  1210
        Lair:2 |       0 |    3875 |   0.0 |       0 |      17 |   0.0 |  1267
        Lair:3 |       0 |    3215 |   0.0 |       0 |      12 |   0.0 |   850
        Lair:4 |       0 |   11647 |   0.0 |       0 |      42 |   0.0 |  1663
        Lair:5 |       0 |    9300 |   0.0 |       0 |      31 |   0.0 |  1882
        Lair:6 |       0 |   23337 |   0.0 |       0 |      91 |   0.0 |  1892
      Shoals:1 |       0 |    9961 |   0.0 |       0 |      19 |   0.0 |   754
      Spider:1 |       0 |   20623 |   0.0 |       0 |      65 |   0.0 |  3249
      Spider:2 |       0 |   13893 |   0.0 |       0 |      60 |   0.0 |  1204
      Spider:3 |       0 |   19663 |   0.0 |       0 |      51 |   0.0 |  2045
      Spider:4 |       0 |   31252 |   0.0 |       0 |      75 |   0.0 |  1561
         Orc:2 |       0 |    8426 |   0.0 |       0 |      88 |   0.0 |  1174
               +---------+---------+-------+---------+---------+-------+---------
